Map: [ESL] NeoHumanity

Players

Elazer - Winner!

  • Race: Zerg Zerg

TeebuL

  • Race: Protoss Protoss

Event: IEM Katowice 2023

VOD

Have the link to the VOD?

Description

Time

  • Played on: Feb. 8, 2023, 5:28 a.m.
  • Length: 9:50

All games in this series

Show
View Real Time Build Order
Export as new Build Order

Elazer Zerg - Winner!

Build Orders: Hatch First, Roach Hydra 

Get SALT Encoding   

  12  0:00  Drone  
  13  0:12  Overlord  
  13  0:17  Drone  
  14  0:31  Drone x2  
  16  0:49  Hatchery  
  15  0:52  Drone  
  15  0:56  Drone  
  17  0:59  Drone  
  18  1:10  Extractor  
  17  1:14  Spawning Pool  
  17  1:17  Drone  
  17  1:20  Drone  
  18  1:28  Drone  
  19  1:40  Drone  
  20  1:50  Drone  
  21  2:00  Queen  
  21  2:01  Queen, Zergling x2  
  25  2:02  Overlord  
  26  2:11  Drone  
  26  2:12  Metabolic Boost, Drone  
  30  2:22  Drone x2  
  30  2:35  Hatchery  
  30  2:37  Drone  
  30  2:45  Queen  
  30  2:46  Overlord  
  30  2:50  Drone x2  
  34  2:57  Drone x2  
  36  3:05  Queen  
  38  3:07  Drone x2  
  38  3:10  Drone x3  
  43  3:16  Overlord  
  43  3:22  Queen  
  43  3:23  Spore Crawler  
  44  3:34  Drone x2  
  44  3:39  Drone x2  
  48  3:42  Drone x3  
  48  3:47  Overlord, Drone  
  52  3:50  Zergling x2  
  52  3:52  Zergling x6  
  56  3:55  Roach Warren  
  56  3:59  Zergling x2  
  56  4:00  Zergling x2  
  57  4:05  Queen  
  57  4:08  Zergling x6  
  62  4:11  Queen  
  62  4:14  Overlord  
  62  4:16  Zergling x4  
  66  4:24  Overlord  
  66  4:32  Queen  
  66  4:35  Overlord  
  66  4:36  Drone x6  
  74  4:43  Drone x8  
  82  4:46  Overlord  
  82  4:55  Overlord  
  82  4:56  Drone x5  
  87  5:03  Extractor  
  87  5:04  Drone x2, Roach Warren  
  87  5:07  Extractor  
  87  5:10  Extractor, Evolution Chamber  
  87  5:12  Drone x5  
  87  5:14  Overlord  
  89  5:16  Overlord  
  89  5:21  Overlord  
  88  5:22  Lair  
  88  5:25  Zergling x2  
  88  5:26  Extractor, Zergling x4  
  89  5:29  Overlord  
  89  5:34  Drone x3  
  92  5:41  Zerg Missile Weapons Level 1  
  92  5:47  Drone x2, Hatchery  
  92  5:48  Overlord, Drone  
  94  5:54  Zergling x16  
  101  6:01  Overlord  
  97  6:25  Hydralisk Den  
  90  6:33  Drone x10  
  90  6:36  Roach  
  90  6:37  Glial Reconstitution, Roach x6  
  111  6:41  Unknown  
  111  6:42  Overseer  
  111  6:44  Overseer  
  111  6:47  Zergling x6  
  102  7:00  Hydralisk x6, Muscular Augments  
  113  7:05  Pneumatized Carapace  
  113  7:07  Hatchery  
  109  7:11  Drone x3  
  112  7:16  Drone x3  
  112  7:17  Drone x2  
  117  7:22  Hydralisk  
  117  7:23  Hydralisk x3  
  117  7:29  Overlord  
  125  7:36  Baneling Nest  
  124  7:37  Hydralisk x4  
  132  7:46  Roach x5  
  132  7:47  Roach  
  144  7:53  Hydralisk x2  
  142  8:02  Zergling x10  
  138  8:11  Hydralisk x5  
  132  8:18  Zergling x12  
  132  8:23  Zergling x6  
  132  8:24  Grooved Spines  
  131  8:36  Hydralisk x3  
  131  8:43  Hydralisk x3  
  137  8:49  Zergling x10  
  140  8:58  Hydralisk x3  
  146  9:04  Hydralisk  
  146  9:05  Hydralisk x4  
  146  9:07  Zergling x6  
  159  9:14  Zergling x12  
  160  9:18  Overseer  
  150  9:25  Overlord x2  
Show
View Real Time Build Order
Export as new Build Order

TeebuL Protoss 

Build Orders: 1 Gate Expand, Oracle Opening, Zealot Archon 

Get SALT Encoding   

  12  0:00  Probe  
  13  0:12  Probe  
  14  0:18  Pylon  
  14  0:24  Probe  
  15  0:32  Assimilator  
  15  0:36  Probe (Chrono Boost)  
  16  0:46  Probe (Chrono Boost)  
  16  0:47  Gateway  
  17  0:51  Probe (Chrono Boost)  
  18  1:03  Probe  
  19  1:15  Probe  
  20  1:24  Nexus  
  20  1:35  Cybernetics Core  
  20  1:37  Probe  
  21  1:45  Assimilator  
  21  1:49  Probe  
  21  1:52  Pylon  
  22  2:01  Probe  
  23  2:08  Stalker (Chrono Boost)  
  23  2:13  Warp Gate  
  23  2:14  Probe (Chrono Boost)  
  26  2:25  Stargate, Probe (Chrono Boost)  
  27  2:31  Probe (Chrono Boost), Adept  
  30  2:37  Probe (Chrono Boost)  
  32  2:46  Probe x2 (Chrono Boost)  
  33  2:51  Probe (Chrono Boost)  
  33  2:52  Probe  
  35  3:02  Pylon  
  35  3:03  Probe  
  35  3:04  Probe  
  35  3:05  Oracle (Chrono Boost), Adept  
  42  3:15  Probe  
  42  3:16  Probe  
  44  3:27  Probe  
  44  3:29  Probe  
  44  3:33  Nexus  
  46  3:38  Pylon  
  46  3:40  Probe  
  47  3:41  Probe  
  47  3:43  Oracle (Chrono Boost)  
  51  3:52  Probe  
  51  3:53  Twilight Council  
  51  3:54  Probe  
  53  4:04  Probe  
  53  4:06  Probe  
  55  4:15  Gateway x2  
  55  4:17  Probe  
  55  4:18  Probe  
  55  4:19  Gateway  
  57  4:26  Assimilator  
  57  4:27  Assimilator  
  57  4:29  Pylon, Probe  
  57  4:30  Probe  
  59  4:36  Dark Shrine  
  59  4:39  Pylon  
  59  4:41  Probe (Chrono Boost)  
  59  4:45  Probe (Chrono Boost)  
  62  4:46  Probe (Chrono Boost)  
  62  4:49  Shield Battery  
  63  4:53  Shield Battery, Probe (Chrono Boost)  
  63  4:55  Blink, Probe (Chrono Boost)  
  63  4:57  Probe x2 (Chrono Boost)  
  66  5:02  Probe (Chrono Boost)  
  66  5:06  Probe (Chrono Boost)  
  68  5:13  Probe (Chrono Boost), Adept x3  
  76  5:17  Probe (Chrono Boost)  
  76  5:18  Probe (Chrono Boost)  
  78  5:21  Probe (Chrono Boost)  
  78  5:22  Probe (Chrono Boost)  
  78  5:24  Probe  
  78  5:26  Pylon  
  80  5:32  Probe  
  80  5:34  Gateway x2  
  81  5:37  Gateway  
  81  5:39  Gateway, Probe  
  81  5:40  Probe  
  81  5:42  Assimilator  
  83  5:52  Probe  
  80  5:59  Probe  
  80  6:00  Dark Templar x3, Probe  
  80  6:01  Dark Templar  
  83  6:25  Probe  
  83  6:28  Probe  
  83  6:30  Stalker x2  
  81  6:33  Stalker x3  
  81  6:34  Probe  
  81  6:38  Gateway x2, Probe  
  89  6:40  Probe  
  89  6:46  Probe, Stalker x3  
  97  6:50  Probe  
  95  7:09  Stalker x3  
  95  7:12  Pylon x2  
  95  7:14  Pylon  
  101  7:15  Shield Battery  
  101  7:26  Pylon  
  101  7:28  Archon x2  
  101  7:31  Stalker x5  
  101  7:32  Stalker x3  
  101  7:34  Stalker  
  119  7:50  Pylon  
  119  7:54  Pylon  
  119  7:56  Stalker x3  
  119  7:57  Stalker x4  
  99  8:21  Stalker x9  
  113  8:45  Assimilator, Dark Templar  
  113  8:48  Stalker x8  
  130  9:05  Dark Templar  
  131  9:16  Stalker x5  
  114  9:26  Stalker x2  
  98  9:39  Zealot x4  

Tags
 
Add a new tag
Caveats
  • Supply blocks, unpowered buildings, or Contaminate may cause inaccurate times.
  • Supply counts are checked every 10 seconds.